Map: Kairos Junction LE

Players

BUGWIS - Winner!

  • Race: Zerg Zerg
  • League: Diamond
  • Spawn Location: 11:00

Mesrob

  • Race: Terran Terran
  • League: Platinum
  • Spawn Location: 5:00

VOD

Have the link to the VOD?

Description

Time

  • Played on: July 11, 2019, 9:59 p.m.
  • Length: 13:20
Show
View Real Time Build Order
Export as new Build Order

BUGWIS Zerg - Winner!

Build Orders: Hatch First, Muta Ling Bane 

Get SALT Encoding   

  12  0:05  Drone  
  13  0:08  Drone  
  14  0:16  Overlord  
  14  0:34  Drone x2  
  16  0:38  Drone  
  17  0:49  Drone  
  18  0:57  Hatchery  
  18  1:01  Drone  
  18  1:10  Drone  
  19  1:16  Spawning Pool  
  18  1:21  Drone  
  18  1:24  Extractor  
  18  1:31  Drone  
  19  1:47  Drone  
  20  2:03  Queen  
  22  2:09  Queen  
  22  2:13  Hatchery  
  22  2:14  Overlord  
  22  2:23  Drone x2  
  22  2:25  Drone  
  22  2:28  Drone  
  26  2:32  Drone  
  27  2:43  Queen  
  29  2:52  Queen  
  29  2:57  Overlord  
  31  3:05  Drone x2  
  33  3:07  Drone  
  33  3:10  Drone  
  35  3:16  Drone  
  35  3:17  Drone  
  35  3:19  Drone  
  38  3:22  Drone  
  39  3:29  Queen  
  42  3:34  Drone x2  
  42  3:36  Metabolic Boost  
  43  3:43  Zergling x6  
  43  3:46  Drone  
  43  3:47  Drone  
  48  3:53  Lair  
  48  3:56  Overlord  
  48  3:59  Drone  
  49  4:14  Queen  
  49  4:16  Extractor  
  50  4:18  Extractor  
  50  4:20  Drone x2  
  50  4:21  Drone  
  52  4:25  Evolution Chamber  
  52  4:27  Evolution Chamber  
  52  4:29  Drone x2, Baneling Nest  
  52  4:30  Drone x2  
  53  4:32  Drone x3  
  53  4:35  Drone  
  53  4:38  Overlord  
  57  4:53  Zergling x2  
  57  4:55  Overlord x3  
  57  4:57  Zerg Ground Armor Level 1  
  58  5:09  Extractor  
  57  5:18  Spore Crawler  
  56  5:22  Spire  
  56  5:23  Spore Crawler  
  56  5:26  Drone x2  
  56  5:27  Drone  
  57  5:32  Centrifical Hooks  
  57  5:37  Drone  
  57  5:38  Drone x3  
  61  5:51  Zergling x2  
  61  5:52  Zergling x16  
  61  5:53  Zergling x8  
  71  6:09  Zergling x4  
  71  6:10  Zergling x6  
  74  6:26  Overlord x3  
  73  6:37  Overlord x3  
  73  6:45  Drone x6  
  73  6:46  Drone x3  
  81  6:54  Queen  
  83  7:04  Hatchery  
  83  7:05  Mutalisk x3  
  83  7:06  Mutalisk x2  
  92  7:11  Extractor, Drone x2  
  92  7:12  Extractor  
  92  7:20  Zerg Flyer Weapons Level 1, Mutalisk x2  
  96  7:25  Drone x3  
  96  7:27  Drone x2  
  96  7:29  Drone  
  102  7:40  Baneling  
  102  7:41  Baneling x17  
  86  8:05  Drone x8  
  78  8:06  Drone  
  78  8:10  Queen  
  83  8:15  Queen  
  85  8:28  Zergling x20  
  85  8:29  Zergling x2  
  96  8:40  Zerg Melee Weapons Level 1  
  96  8:43  Zerg Ground Armor Level 2  
  96  8:49  Zergling x2  
  96  8:50  Zergling x18  
  106  8:59  Hatchery  
  105  9:02  Overlord  
  105  9:03  Overlord x2  
  105  9:05  Mutalisk  
  107  9:16  Baneling x3  
  107  9:17  Baneling x7  
  107  9:18  Baneling x7  
  107  9:20  Zergling x4  
  107  9:21  Zergling x2  
  110  9:34  Mutalisk x5  
  120  9:50  Mutalisk x6  
  132  10:00  Spire  
  132  10:04  Mutalisk  
  132  10:05  Mutalisk  
  135  10:12  Overseer  
  135  10:13  Overseer  
  135  10:16  Drone  
  136  10:27  Infestation Pit  
  135  10:30  Drone  
  135  10:31  Drone x5  
  135  10:33  Zergling x10  
  135  10:34  Zergling x14  
  153  10:37  Overlord  
  153  10:44  Pneumatized Carapace  
  153  10:57  Overseer  
  153  11:05  Mutalisk x5  
  153  11:06  Mutalisk  
  165  11:31  Overlord x2  
  165  11:32  Overlord  
  165  11:40  Hive  
  165  11:43  Overlord x3  
  165  11:44  Overlord  
  129  12:19  Zergling x2  
  129  12:20  Zergling x54  
  129  12:21  Zergling x14  
  156  12:47  Mutalisk x2  
  156  12:48  Mutalisk x8  
  156  12:49  Mutalisk x4  
Show
View Real Time Build Order
Export as new Build Order

Mesrob Terran 

Build Orders: 2 Factory, Reaper Expand 

Get SALT Encoding   

  12  0:00  SCV  
  13  0:12  SCV  
  14  0:17  Supply Depot  
  14  0:25  SCV  
  15  0:38  SCV  
  15  0:41  Barracks  
  16  0:48  Refinery  
  16  0:50  SCV  
  17  1:03  SCV  
  18  1:15  SCV  
  19  1:27  Orbital Command  
  19  1:40  Command Center  
  19  1:43  Reaper  
  20  1:54  SCV  
  21  2:08  Factory  
  21  2:12  Refinery, SCV  
  22  2:32  Barracks Tech Lab  
  22  2:33  Supply Depot  
  22  2:36  SCV  
  23  2:51  SCV  
  23  2:55  Orbital Command  
  24  2:59  Factory  
  24  3:03  SCV  
  25  3:15  Cyclone  
  28  3:23  Supply Depot  
  28  3:24  SCV  
  29  3:27  SCV  
  30  3:38  SCV  
  31  3:42  Armory  
  31  3:45  Factory Reactor  
  31  3:52  Refinery, SCV x2  
  33  4:04  SCV  
  33  4:09  Supply Depot  
  34  4:25  Refinery, SCV  
  34  4:27  SCV  
  34  4:29  Hellion x2  
  34  4:30  Cyclone  
  43  4:32  Engineering Bay  
  43  4:37  SCV  
  43  4:38  Supply Depot  
  44  4:39  SCV  
  45  4:49  SCV  
  45  4:50  Hellion  
  45  4:51  Hellion  
  45  4:52  Factory  
  50  4:55  Terran Vehicle Weapons Level 1  
  50  5:02  Cyclone  
  50  5:04  SCV x2  
  50  5:06  Missile Turret  
  55  5:12  Supply Depot  
  55  5:16  SCV x2  
  55  5:18  Hellion  
  55  5:19  Hellion  
  61  5:28  SCV  
  61  5:34  Missile Turret  
  62  5:37  Supply Depot  
  62  5:39  Supply Depot  
  62  5:49  Factory Tech Lab  
  65  5:50  Hellion x2, Cyclone  
  65  5:55  Missile Turret  
  69  6:01  Supply Depot  
  68  6:04  SCV x2  
  70  6:14  Cyclone  
  70  6:16  Hellion x2, SCV x2  
  70  6:17  Command Center  
  79  6:22  Hellion  
  81  6:37  Hellion  
  68  6:48  Hellion, Cyclone x2  
  76  6:56  Factory  
  76  6:57  Factory  
  76  6:58  Hellion  
  78  7:06  Infernal Pre-Igniter  
  78  7:09  Hellion, SCV x2  
  82  7:21  SCV, Cyclone  
  82  7:22  Cyclone  
  89  7:25  Hellion  
  91  7:41  Factory Reactor  
  91  7:42  Factory Tech Lab  
  91  7:44  Factory  
  91  7:45  Factory  
  91  7:50  Hellion x2  
  95  7:53  Cyclone  
  95  7:54  Cyclone  
  65  8:07  Cyclone  
  65  8:11  Hellion x2  
  72  8:14  SCV x2  
  74  8:26  SCV  
  75  8:30  Missile Turret  
  75  8:31  Cyclone  
  75  8:32  Factory Tech Lab, Factory  
  75  8:33  Hellion  
  75  8:34  Hellion x2, Missile Turret  
  84  8:49  Missile Turret  
  84  8:51  Terran Vehicle And Ship Armor Level 1, Missile Turret  
  84  8:54  Mag-Field Accelerator  
  84  8:55  Missile Turret  
  84  9:01  Planetary Fortress  
  84  9:02  Missile Turret  
  84  9:04  SCV  
  84  9:05  SCV  
  84  9:09  Missile Turret  
  86  9:13  Refinery, Cyclone  
  86  9:15  Missile Turret, Cyclone  
  86  9:17  SCV, Cyclone  
  93  9:19  Factory Reactor  
  93  9:23  Cyclone  
  99  9:25  Missile Turret  
  99  9:26  Hellion  
  101  9:31  Factory Tech Lab  
  101  9:37  Refinery  
  101  9:40  SCV x2  
  101  9:41  SCV  
  104  9:46  Hellion x2  
  104  9:47  Hellion  
  104  9:48  Cyclone x2  
  104  9:52  SCV  
  117  9:54  Supply Depot  
  117  9:55  Supply Depot  
  117  10:16  Hellion, Cyclone x2  
  117  10:17  SCV x3  
  117  10:18  Supply Depot  
  117  10:21  Command Center  
  128  10:22  Cyclone  
  131  10:30  Supply Depot  
  131  10:34  Armory  
  133  10:35  Hellion  
  133  10:40  Hellion, SCV x2  
  133  10:41  SCV  
  138  10:45  Terran Vehicle Weapons Level 2  
  138  10:52  SCV  
  138  10:53  Supply Depot  
  138  10:54  Cyclone x2  
  145  10:59  Missile Turret  
  145  11:00  Missile Turret  
  145  11:07  Supply Depot  
  145  11:15  Cyclone  
  145  11:17  Hellion  
  150  11:20  Supply Depot  
  150  11:21  Supply Depot, Missile Turret  
  150  11:25  Cyclone x2  
  156  11:27  Refinery  
  156  11:29  Hellion  
  156  11:31  Supply Depot  
  158  11:34  Smart Servos  
  158  11:38  Planetary Fortress  
  158  11:43  SCV x3  
  161  11:48  Hellion x2  
  161  11:49  Hellion  
  161  11:53  Refinery, Supply Depot  
  167  11:55  SCV, Cyclone  
  167  11:56  Cyclone  
  167  11:58  Hellion  
  96  12:27  Cyclone x4  
  96  12:28  Cyclone  
  105  12:43  Widow Mine x2  
  101  12:44  Widow Mine x2  
  101  12:46  Hellion x2  
  104  13:09  Command Center  
Tags
 
Add a new tag
Caveats
  • Supply blocks, unpowered buildings, or Contaminate may cause inaccurate times.
  • Supply counts are checked every 10 seconds.